 Dungeon Crawl Stone Soup version 0.24-a0-618-ge4662a2 (webtiles) character file.

Game seed: 7190816157168516877, levelgen mode: deterministic

369497 JeffiDaFish the Slayer (level 22, -2/161 HPs)
             Began as a Gargoyle Fighter on Sept 14, 2019.
             Was the Champion of Okawaru.
             Slain by an iron troll (20 damage)
             ... on level 3 of the Depths on Sept 16, 2019.
             The game lasted 02:04:10 (41528 turns).

JeffiDaFish the Slayer (Gargoyle Fighter)          Turns: 41528, Time: 02:04:11

Health: -2/161     AC: 61    Str: 38      XL:     22   Next: 63%
Magic:  22/22      EV:  8    Int:  7 (9)  God:    Okawaru [******]
Gold:   3615       SH: 20    Dex: 11      Spells: 21/21 levels left

rFire    . . .     SeeInvis +   L - +9 eveningstar (vamp)
rCold    + . .     Gourm    .   c - +0 shield
rNeg     + . .     Faith    .   J - +3 crystal plate armour
rPois    ∞         Spirit   .   Q - +2 helmet of Wariness {+Inv Regen+}
rElec    +         Reflect  +   K - +0 cloak "Riribb" {rC+ Regen+}
rCorr    +         Harm     .   y - +1 pair of gloves of Kuonnoo {rC- rCorr Str+7 SInv}
MR       ++...                  u - +2 pair of boots
Stlth    ..........             O - +5 amulet of reflection
HPRegen  1.16/turn              a - +5 ring of strength
MPRegen  0.18/turn              N - ring of protection from magic (curse)

@: flying, studying Short Blades
A: big wings, blurry vision 1, cold resistance 1, dopey 1, negative energy
resistance 1, electricity resistance, unbreathing, petrification resistance, rot
immunity, AC +16
}: 2/15 runes: decaying, gossamer
a: Stop Flying, Heroism, Finesse, Renounce Religion, Evoke Invisibility


You were on level 3 of the Depths.
You worshipped Okawaru.
Okawaru was exalted by your worship.
You were not hungry.

You visited 8 branches of the dungeon, and saw 38 of its levels.
You visited the Abyss 1 time.
You also visited: Ice Cave.

You collected 4569 gold pieces.
You spent 954 gold pieces at shops.

Inventory:

Hand Weapons
 L - a +9 vampiric eveningstar (weapon)
Armour
 c - a +0 shield (worn)
 s - the +0 pair of fencer's gloves {Riposte Dex+3}
   (You found it on level 3 of the Elven Halls)

   It affects your dexterity (+3).
 u - a +2 pair of boots (worn)
 x - a scarf of cloud immunity
 y - the +1 pair of gloves of Kuonnoo (worn) {rC- rCorr Str+7 SInv}
   (Okawaru gifted it to you on level 6 of the Lair of Beasts)

   It affects your strength (+7).
   It makes you vulnerable to cold.
   It lets you see invisible.
   It provides partial protection from all sources of acid and corrosion.
 J - a +3 crystal plate armour (worn)
 K - the +0 cloak "Riribb" (worn) {rC+ Regen+}
   (You bought it in a shop on level 2 of the Orcish Mines)

   It protects you from cold.
   It increases your rate of regeneration.
 Q - the +2 helmet of Wariness (worn) {+Inv Regen+}
   (You found it on level 2 of the Depths)

   It lets you turn invisible.
   It increases your rate of regeneration.
Jewellery
 a - a +5 ring of strength (left hand)
 l - a +3 ring of evasion
 D - the ring "Yfymmet" {rElec MP+9 Dex+3 Stlth+}
   (You acquired it on level 1 of the Elven Halls)

   [ring of magical power]

   It affects your dexterity (+3).
   It insulates you from electricity.
   It affects your magic capacity (+9).
   It makes you more stealthy.
 N - a cursed ring of protection from magic (right hand)
 O - a +5 amulet of reflection (around neck)
 S - a cursed ring of resist corrosion
Wands
 h - a wand of clouds (8)
 k - a wand of disintegration (10)
 q - a wand of scattershot (9)
 w - a wand of paralysis (53)
 M - a wand of digging (9)
Scrolls
 g - 21 scrolls of remove curse
 j - 7 scrolls of magic mapping
 m - 3 scrolls of fog
 v - 11 scrolls of teleportation
 C - 11 scrolls of identify
 E - 2 scrolls of brand weapon
 F - a scroll of summoning
 G - a scroll of silence
 H - 2 scrolls of blinking
 I - a scroll of fear
 P - 6 scrolls of enchant weapon
 Z - 4 scrolls of enchant armour
Potions
 d - 4 potions of might
 e - 7 potions of haste
 i - 7 potions of agility
 o - 5 potions of mutation
 p - a potion of invisibility
 r - 4 potions of berserk rage
 t - 8 potions of heal wounds
 z - 3 potions of cancellation
 B - 9 potions of curing
Books
 n - a manual of Short Blades
Comestibles
 b - 18 chunks of flesh
 f - 59 rations


   Skills:
 * Level 24.0 Fighting
 + Level 18.4 Maces & Flails
 * Level 22.8 Armour
 - Level 14.0 Shields


You had 21 spell levels left.
You didn't know any spells.
Your spell library contained the following spells:

 Spells                   Type           Power        Failure   Level  Hunger
 Animate Skeleton         Necr           N/A          95%         1    ##.....
 Apportation              Tloc           #.....       95%         1    ##.....
 Beastly Appendage        Tmut           #.....       95%         1    ##.....
 Confusing Touch          Hex            #.....       95%         1    ##.....
 Corona                   Hex            #......      95%         1    ##.....
 Flame Tongue             Conj/Fire      #....        95%         1    ##.....
 Magic Dart               Conj           #...         95%         1    ##.....
 Pain                     Necr           #...         95%         1    ##.....
 Sandblast                Erth           #.....       95%         1    ##.....
 Shock                    Conj/Air       #...         95%         1    ##.....
 Summon Butterflies       Summ           #.......     95%         1    ##.....
 Summon Small Mammal      Summ           #...         95%         1    ##.....
 Blink                    Tloc           N/A          99%         2    ###....
 Call Imp                 Summ           #.......     99%         2    ###....
 Corpse Rot               Necr           N/A          99%         2    ###....
 Passwall                 Tmut/Erth      #.......     99%         2    ###....
 Searing Ray              Conj           #.....       99%         2    ###....
 Shroud of Golubria       Chrm/Tloc      #.....       99%         2    ###....
 Slow                     Hex            #.......     99%         2    ###....
 Sticks to Snakes         Tmut           #.......     99%         2    ###....
 Swiftness                Chrm/Air       #.......     99%         2    ###....
 Throw Flame              Conj/Fire      #.....       99%         2    ###....
 Call Canine Familiar     Summ           #.......     100%        3    ####...
 Conjure Flame            Conj/Fire      #.......     100%        3    ####...
 Dazzling Spray           Conj/Hex       #.....       100%        3    ####...
 Gell's Gravitas          Tloc           #.........   100%        3    ####...
 Inner Flame              Hex/Fire       #.......     100%        3    ####...
 Lesser Beckoning         Tloc           #.........   100%        3    ####...
 Mephitic Cloud           Conj/Pois/Air  #.......     100%        3    ####...
 Portal Projectile        Hex/Tloc       #.....       100%        3    ####...
 Regeneration             Chrm/Necr      #.........   100%        3    ####...
 Spider Form              Tmut/Pois      #.........   100%        3    ####...
 Stone Arrow              Conj/Erth      #.....       100%        3    ####...
 Teleport Other           Tloc           #.......     100%        3    ####...
 Vampiric Draining        Necr           #.........   100%        3    ####...
 Airstrike                Air            #.........   100%        4    #####..
 Animate Dead             Necr           N/A          100%        4    #####..
 Cause Fear               Hex            #.........   100%        4    #####..
 Force Lance              Conj/Tloc      #.......     100%        4    #####..
 Fulminant Prism          Conj/Hex       #.........   100%        4    #####..
 Ice Form                 Ice/Tmut       #.......     100%        4    #####..
 Iskenderun's Mystic Bla  Conj           #.......     100%        4    #####..
 Leda's Liquefaction      Hex/Erth       #.........   100%        4    #####..
 Passage of Golubria      Tloc           N/A          100%        4    #####..
 Petrify                  Tmut/Erth      #.......     100%        4    #####..
 Sticky Flame             Conj/Fire      #.......     100%        4    #####..
 Summon Ice Beast         Ice/Summ       #.......     100%        4    #####..
 Summon Lightning Spire   Summ/Air       #.......     100%        4    #####..
 Agony                    Necr           #.......     100%        5    ######.
 Aura of Abjuration       Summ           #.........   100%        5    ######.
 Blade Hands              Tmut           #.........   100%        5    ######.
 Bolt of Draining         Conj/Necr      #.........   100%        5    ######.
 Bolt of Magma            Conj/Fire/Erth #.........   100%        5    ######.
 Dispel Undead            Necr           #.......     100%        5    ######.
 Excruciating Wounds      Chrm/Necr      #.........   100%        5    ######.
 Fireball                 Conj/Fire      #.........   100%        5    ######.
 Iskenderun's Battlesphe  Conj/Chrm      #.......     100%        5    ######.
 Lee's Rapid Deconstruct  Erth           #.........   100%        5    ######.
 Silence                  Hex/Air        #.........   100%        5    ######.
 Summon Forest            Summ/Tloc      #.........   100%        5    ######.
 Summon Mana Viper        Hex/Summ       #.......     100%        5    ######.
 Venom Bolt               Conj/Pois      #.........   100%        5    ######.
 Bolt of Fire             Conj/Fire      #.........   100%        6    #######
 Conjure Ball Lightning   Conj/Air       #.........   100%        6    #######
 Deflect Missiles         Chrm/Air       #.........   100%        6    #######
 Hydra Form               Tmut           #.........   100%        6    #######
 Iron Shot                Conj/Erth      #.........   100%        6    #######
 Orb of Destruction       Conj           #.........   100%        7    #######
 Spellforged Servitor     Conj/Summ      #.........   100%        7    #######
 Summon Hydra             Summ           #.........   100%        7    #######
 Controlled Blink         Tloc           N/A          100%        8    #######
 Tornado                  Air            #.........   100%        9    #######
 Sublimation of Blood     Necr           Unusable     N/A         2    N/A

Dungeon Overview and Level Annotations

Branches:
Dungeon (15/15)            Temple (1/1) D:4            Lair (6/6) D:9
  Swamp (4/4) Lair:4       Spider (4/4) Lair:2        Slime (0/5) Lair:6
    Orc (2/2) D:12            Elf (3/3) Orc:2        Vaults (0/5) D:14
 Depths (3/5) D:15          IceCv (visited)

Altars:
Ashenzari
Cheibriados
Dithmenos
Fedhas
Gozag
Hepliaklqana
Kikubaaqudgha
Nemelex Xobeh
Okawaru
Qazlal
Ru
Sif Muna
Trog
Vehumet
Wu Jian
Xom
Yredelemnul
Zin
Beogh

Shops:
Orc:1 =   Orc:2 [=*(%   Depths:1 [

Portals:
Hell: Depths:1 Depths:2 Depths:3
Pandemonium: Depths:1 Depths:3
Ziggurat: Depths:1

Annotations:
D:10 1 runed translucent door, Naoxuitu's ghost, novice OgHu
D:13 exclusion: orange crystal statue
D:15 Roxanne
Lair:2 exclusion: 2 oklob plants
Lair:5 3 runed translucent doors, porpoise's ghost, journeyman GnEn
Lair:6 exclusion: 2 oklob plants
Swamp:1 2 transporters, billygoat's ghost, adept VSFi


Innate Abilities, Weirdness & Mutations

You are resistant to torment.
Your stone body is resilient. (AC +16)
You are immune to poison.
Your large and strong wings let you fly indefinitely.
You resist negative energy. (rN+)
You are resistant to electric shocks. (rElec)
You can survive without breathing.
You are immune to petrification.
You are immune to rotting.
Scrolls take you a little longer to read.
Your flesh is cold resistant. (rC+)
You are dopey. (Int -2)


Message History

You block the deep troll shaman's attack.
You begin reading the scroll.
You continue reading the scroll.
The polar bear bites you but does no damage.
You block the polar bear's attack. x2
The iron troll bites you but does no damage.
The iron troll claws you.
* * * LOW HITPOINT WARNING * * *
You block the iron troll's attack.
The polar bear bites you but does no damage.
You block the polar bear's attack. x2
The spriggan berserker mumbles some strange prayers to Trog.
The polar bear goes berserk!
The deep troll shaman bites you but does no damage.
The deep troll shaman claws you!
* * * LOW HITPOINT WARNING * * *
The deep troll shaman claws you but does no damage.
The iron troll bites you!
* * * LOW HITPOINT WARNING * * *
The iron troll claws you!!
You die...

#...###... #...#..c
#...(. # ##...## #
#...).## ## ####
#...#[h.###.###. ...#
#... ##.Ti#...#... ...#
#... ##ThT......# ...#
... ##@......## ...# ..
##.........## ...# .
#...........# #. .#.#
...# ##.........# #..
.### #...# ##.......##
#... ..# #...#
##.........## #...# (.##
#...###...#...#...###...#
...#
#...#...###.###...#...#
...# #.....## ###
##.....#


You could see an iron troll, a deep troll, a spriggan berserker, a deep troll
shaman and 2 polar bears.

Vanquished Creatures
  Margery (Depths:3)
  Bai Suzhen (Spider:2)
  A caustic shrike (Depths:2)
  2 liches
  2 deep elf blademasters (Elf:3)
  A quicksilver dragon (Depths:3)
  Kirke (Swamp:2)
  4 titans
  Frances (Elf:1)
  5 thorn hunters
  A tengu reaver (Depths:2)
  2 fire giants
  5 deep elf sorcerers (Elf:3)
  5 frost giants
  2 orc warlords (Orc:2)
  10 emperor scorpions
  3 ghost moths
  Louise (Spider:3)
  Aizul (Spider:3)
  9 deep elf elementalists (Elf:3)
  3 entropy weavers
  18 very ugly things
  14 stone giants
  4 vampire knights
  8 deep elf annihilators
  Azrael (Elf:2)
  6 deep elf demonologists
  3 deep elf death magi
  4 spark wasps (Depths:2)
  4 ettins
  The ghost of Foxy the Frost Mage, a journeyman DEIE of Vehumet (Lair:4)
  Snorg (Orc:1)
  5 great orbs of eyes
  5 deep elf high priests
  A fire dragon (Depths:3)
  4 yaktaur captains
  Fannar (Lair:2)
  An ice dragon (shapeshifter) (D:15)
  Harold (D:10)
  3 ice dragons (Depths:2)
  19 hydras
  3 rakshasas
  A ghost crab (Swamp:4)
  2 shambling mangroves
  3 spriggan air magi
  13 alligators
  8 centaur warriors
  26 two-headed ogres
  2 catoblepae (Lair:6)
  28 dancing weapons
  4 deep troll shamans
  14 death yaks
  7 ogre magi
  Urug (D:10)
  7 tengu warriors
  6 deep troll earth magi
  2 spriggan berserkers
  2 orc high priests
  6 spriggans
  5 vampire magi
  8 hell knights
  28 deep elf knights
  An iron troll (Depths:2)
  A skeletal warrior (D:14)
  A flayed ghost (Depths:1)
  2 unseen horrors (D:14)
  A wizard (Depths:3)
  7 deep trolls
  10 swamp dragons
  2 glowing orange brains (Depths:3)
  3 spriggan druids (Swamp:4)
  5 orc knights
  9 deep elf archers
  A harpy (shapeshifter) (Depths:3)
  6 orc sorcerers
  A wolf spider zombie (D:14)
  16 ugly things
  A fire giant zombie (Depths:1)
  2 necromancers
  19 orb spiders
  59 deep elf magi
  3 manticores
  2 moths of wrath
  12 elephants
  31 wolf spiders
  A cyclops (D:15)
  A salamander (Depths:3)
  The ghost of RancidPinata the Cudgeler, a novice GrGl of Okawaru (D:7)
  4 centaur zombies
  3 ice statues (IceCv)
  3 black mambas
  A stone giant skeleton (Depths:1)
  2 spiny frogs (shapeshifter)
  4 centaur skeletons
  18 spiny frogs
  A gargoyle (D:12)
  A torpor snail (Spider:3)
  5 rime drakes
  A yaktaur (shapeshifter) (Depths:1)
  4 ice devils (IceCv)
  A rime drake (shapeshifter) (Elf:1)
  A komodo dragon (D:15)
  7 yaktaurs
  A komodo dragon (shapeshifter) (Depths:2)
  15 demonic crawlers
  2 tengu conjurers
  A queen bee (shapeshifter) (Elf:1)
  3 meliai
  A troll (shapeshifter) (D:14)
  6 tyrant leeches
  39 jumping spiders
  A wind drake (shapeshifter) (Depths:2)
  8 trolls
  2 blink frogs (shapeshifter)
  A spriggan zombie (Depths:1)
  6 bog bodies
  12 hornets
  23 slime creatures
  13 blink frogs
  4 dream sheep (Lair:5)
  15 hippogriffs
  42 tarantellas
  Sigmund (D:4)
  94 redbacks
  4 shadows
  A tarantella (shapeshifter) (D:13)
  A fire dragon skeleton (Depths:1)
  2 spriggans (shapeshifter)
  2 vampires
  2 water elementals (Elf:1)
  3 wyverns
  The ghost of Anno the Scratcher, an amateur FeTm (D:5)
  A basilisk (shapeshifter) (Depths:3)
  A basilisk (Lair:3)
  62 yaks
  3 fire elementals (Elf:2)
  6 hogs (Swamp:2)
  A hungry ghost (D:12)
  19 vampire mosquitoes
  5 insubstantial wisps (Swamp:3)
  12 swamp worms
  A soldier ant (D:14)
  5 wargs
  A harpy simulacrum (D:14)
  An acid dragon (D:12)
  2 hell hounds (Elf:2)
  14 water moccasins
  9 porcupines
  A floating eye (shapeshifter) (Depths:2)
  26 orc warriors
  5 swamp drakes
  6 sky beasts
  A black bear (shapeshifter) (D:13)
  3 black bears
  5 ice beasts
  5 phantoms
  2 hornet zombies
  4 eyes of draining
  23 ogres
  3 boggarts (D:15)
  5 centaurs
  10 wolves
  12 crocodiles
  A big kobold (D:14)
  A gnoll sergeant (D:6)
  3 earth elementals
  Blork the orc (Orc:2)
  12 bullfrogs
  A water moccasin zombie (D:7)
  2 wyvern skeletons (D:14)
  2 troll zombies (D:12)
  5 scorpions
  27 killer bees
  5 wights (D:11)
  A howler monkey (D:13)
  5 electric eels
  8 crimson imps
  2 quasits
  2 bullfrog zombies
  2 bullfrog skeletons
  3 draconian simulacra (IceCv)
  6 jellies
  18 orc wizards
  A gnoll shaman (D:6)
  14 orc priests
  5 hounds
  A troll simulacrum (IceCv)
  6 worker ants
  An iguana (D:4)
  2 spriggan simulacra (IceCv)
  A killer bee zombie (D:8)
  6 ogre zombies (D:12)
  3 centaur simulacra (IceCv)
  2 hound skeletons
  A worker ant zombie (D:11)
  A howler monkey skeleton (D:4)
  21 adders
  9 gnolls (D:6)
  A naga simulacrum (IceCv)
  7 shadow imps
  12 white imps (D:13)
  An ooze (D:4)
  4 adder skeletons
  2 adder zombies
  5 worms (D:3)
  4 dart slugs
  7 leopard geckos
  61 orcs
  3 giant cockroaches
  10 goblins
  8 hobgoblins
  11 jackals
  7 quokkas
  2 ball pythons
  A ball python skeleton (D:4)
  8 bats
  4 frilled lizards
  4 goblin skeletons (D:12)
  2 goblin zombies (D:12)
  2 hobgoblin zombies (D:12)
  A kobold (shapeshifter) (Depths:2)
  10 kobolds
  A leopard gecko skeleton (D:5)
  4 orc skeletons (D:12)
  13 orc zombies (D:12)
  10 rats
  2 briar patches (Swamp:4)
1543 creatures vanquished.

Vanquished Creatures (others)
  A deep elf master archer (Elf:3)
  A fire giant (Depths:1)
  2 deep elf archers (Elf:3)
  A hippogriff (D:14)
  A scorpion (Spider:2)
  12 briar patches (Swamp:4)
  44 fungi
  53 plants
115 creatures vanquished.

Grand Total: 1658 creatures vanquished

Notes
Turn   | Place    | Note
-------+----------+-------------------------------------------
     0 | D:1      | JeffiDaFish the Gargoyle Fighter began the quest for the
                  | Orb.
     0 | D:1      | Reached XP level 1. HP: 14/14 MP: 1/1
   219 | D:1      | Reached XP level 2. HP: 18/19 MP: 2/2
   466 | D:1      | Reached XP level 3. HP: 24/24 MP: 3/3
  1084 | D:2      | Found a sparkling altar of Nemelex Xobeh.
  1085 | D:2      | Found a shimmering blue altar of Sif Muna.
  1085 | D:2      | Found a sacrificial altar of Ru.
  1085 | D:2      | Found an ancient bone altar of Kikubaaqudgha.
  1124 | D:2      | Found an opulent altar of Gozag.
  1124 | D:2      | Found an ornate altar of the Wu Jian Council.
  1303 | D:2      | Reached skill level 4 in Fighting
  1311 | D:2      | Reached XP level 4. HP: 27/29 MP: 4/4
  1382 | D:2      | Found a faded altar of an unknown god.
  1527 | D:2      | Gained mutation: Your flesh is cold resistant. (rC+)
                  | [potion of mutation]
  1527 | D:2      | Gained mutation: You are clumsy. (Dex -2) [potion of
                  | mutation]
  1527 | D:2      | Gained mutation: You are dopey. (Int -2) [potion of
                  | mutation]
  1527 | D:2      | Lost mutation: You are clumsy. (Dex -2) [potion of
                  | mutation]
  1818 | D:3      | Reached XP level 5. HP: 32/34 MP: 5/5
  2161 | D:3      | Found a bloodstained altar of Trog.
  2161 | D:3      | Noticed an eye of draining
  2161 | D:3      | Noticed an eye of draining
  2183 | D:3      | Killed an eye of draining
  2183 | D:3      | Reached XP level 6. HP: 40/40 MP: 0/6
  2190 | D:3      | Killed an eye of draining
  2190 | D:3      | Reached skill level 5 in Fighting
  2712 | D:4      | Found a staircase to the Ecumenical Temple.
  2736 | Temple   | Entered the Ecumenical Temple
  2864 | Temple   | Became a worshipper of Warmaster Okawaru
  2956 | D:4      | Reached XP level 7. HP: 44/44 MP: 7/7
  3589 | D:4      | Noticed Sigmund
  3624 | D:4      | Killed Sigmund
  3624 | D:4      | Reached * piety under Okawaru
  3624 | D:4      | Reached skill level 6 in Fighting
  3624 | D:4      | Reached skill level 5 in Maces & Flails
  3624 | D:4      | Reached skill level 5 in Armour
  4064 | D:4      | Reached skill level 5 in Shields
  4170 | D:5      | Entered Level 5 of the Dungeon
  4179 | D:5      | Reached XP level 8. HP: 49/52 MP: 8/8
  4717 | D:5      | Found a snail-covered altar of Cheibriados.
  4717 | D:5      | Found a glowing silver altar of Zin.
  4737 | D:5      | Identified the cursed +3 war axe of Oozing Pus {venom,
                  | rElec MR++ Dex+6} (You found it on level 5 of the Dungeon)
  4807 | D:5      | Found a runed translucent gate.
  4808 | D:5      | Found a runed translucent gate.
  4808 | D:5      | Found a runed translucent gate.
  4810 | D:5      | Noticed Anno's ghost (amateur FeTm)
  4848 | D:5      | Killed Anno's ghost
  4848 | D:5      | Reached ** piety under Okawaru
  4848 | D:5      | Reached skill level 7 in Fighting
  6058 | D:6      | Noticed a two-headed ogre
  6070 | D:6      | Killed a two-headed ogre
  6070 | D:6      | Reached *** piety under Okawaru
  6070 | D:6      | Reached skill level 8 in Fighting
  6070 | D:6      | Reached XP level 9. HP: 60/60 MP: 9/9
  6733 | D:7      | Found a transporter.
  6733 | D:7      | Noticed a moth of wrath
  6764 | D:7      | Found a transporter.
  6768 | D:7      | Noticed RancidPinata's ghost (novice GrGl)
  6805 | D:7      | Reached skill level 9 in Fighting
  6857 | D:7      | Reached **** piety under Okawaru
  6960 | D:7      | Reached XP level 10. HP: 58/66 MP: 10/10
  7849 | D:8      | Reached skill level 10 in Fighting
  8697 | D:9      | Found a staircase to the Lair.
  8768 | D:9      | Reached XP level 11. HP: 63/73 MP: 11/11
  8990 | D:9      | Reached ***** piety under Okawaru
  9085 | D:9      | Reached skill level 11 in Fighting
  9230 | D:10     | Entered Level 10 of the Dungeon
  9314 | D:10     | Reached skill level 10 in Maces & Flails
  9328 | D:10     | Noticed Harold
  9374 | D:10     | Killed Harold
  9928 | D:10     | Noticed a two-headed ogre
  9946 | D:10     | Killed a two-headed ogre
  9946 | D:10     | Received a gift from Okawaru
 10067 | D:10     | Found a runed translucent door.
 10069 | D:10     | Noticed Naoxuitu's ghost (novice OgHu)
 10113 | D:10     | Noticed Urug
 10150 | D:10     | Killed Urug
 10698 | D:11     | Noticed a two-headed ogre
 10718 | D:11     | Killed a two-headed ogre
 10941 | D:11     | Reached skill level 12 in Fighting
 11033 | D:11     | Noticed a seven-headed hydra
 11109 | Lair:1   | Entered Level 1 of the Lair of Beasts
 11425 | Lair:1   | Reached XP level 12. HP: 81/81 MP: 12/12
 12368 | Lair:2   | Noticed a five-headed hydra
 12393 | Lair:2   | Killed a five-headed hydra
 12754 | Lair:2   | Noticed Fannar
 12985 | Lair:2   | Killed Fannar
 13353 | Lair:2   | Noticed a four-headed hydra
 13363 | Lair:2   | Killed a four-headed hydra
 13363 | Lair:2   | Reached skill level 13 in Fighting
 13366 | Lair:2   | Reached ****** piety under Okawaru
 13385 | Lair:2   | Found a hole to the Spider Nest.
 13508 | Lair:2   | Identified the +6 scale mail of Ekhlim {-Tele +Inv Dex+4}
                  | (You found it on level 2 of the Lair of Beasts)
 14034 | Lair:3   | Reached skill level 10 in Armour
 14149 | Lair:3   | Noticed a death yak
 14150 | Lair:3   | Noticed a death yak
 14163 | Lair:3   | Reached skill level 10 in Shields
 14182 | Lair:2   | Killed a death yak
 14182 | Lair:2   | Received a gift from Okawaru
 14256 | Lair:3   | Noticed a death yak
 14283 | Lair:2   | Killed a death yak
 14350 | Lair:3   | Identified a scroll of acquirement
 14364 | Lair:3   | Noticed a death yak
 14369 | Lair:3   | Reached XP level 13. HP: 88/88 MP: 13/13
 14612 | Lair:3   | You fall into a shaft and drop 1 floor!
 14612 | Lair:4   | Found a staircase to the Swamp.
 15251 | Lair:4   | Reached skill level 14 in Fighting
 15263 | Lair:4   | Found a large runed translucent door.
 15265 | Lair:4   | Found a large runed translucent door.
 15265 | Lair:4   | Noticed Foxy's ghost (journeyman DEIE)
 15907 | Lair:4   | Killed Foxy's ghost
 16215 | Lair:5   | Received a gift from Okawaru
 16279 | Lair:5   | You fall into a shaft and drop 1 floor!
 16279 | Lair:6   | Entered Level 6 of the Lair of Beasts
 16473 | Lair:5   | Noticed an ice dragon
 16473 | Lair:5   | Noticed porpoise's ghost (journeyman GnEn)
 16580 | Lair:5   | Found a runed translucent gate.
 16580 | Lair:5   | Found a runed translucent gate.
 16580 | Lair:5   | Found a runed translucent gate.
 17334 | Lair:6   | Found a staircase to the Slime Pits.
 17622 | Lair:6   | Gained mutation: Your large and strong wings let you fly
                  | indefinitely. [Gargoyle growth]
 17622 | Lair:6   | Reached XP level 14. HP: 72/96 MP: 14/14
 17870 | Lair:6   | Reached skill level 15 in Fighting
 18214 | Lair:6   | Received a gift from Okawaru
 18651 | Lair:6   | Identified the cursed +0 buckler of Kiytas Gicse {-Tele
                  | rElec Dex+5 Slay+3} (You found it on level 6 of the Lair of
                  | Beasts)
 18756 | Lair:6   | Identified the +1 pair of gloves of Kuonnoo {rC- rCorr
                  | Str+7 SInv} (Okawaru gifted it to you on level 6 of the
                  | Lair of Beasts)
 20077 | D:12     | Found a staircase to the Orcish Mines.
 20237 | D:12     | Received a gift from Okawaru
 20685 | D:13     | Found a frozen archway.
 20720 | IceCv    | Entered an ice cave
 21198 | IceCv    | Reached skill level 16 in Fighting
 21538 | D:13     | Reached XP level 15. HP: 104/104 MP: 15/15
 22282 | D:14     | Received a gift from Okawaru
 22530 | D:14     | Found a gate to the Vaults.
 22589 | D:15     | Entered Level 15 of the Dungeon
 23347 | D:15     | Noticed Roxanne
 23667 | D:15     | Received a gift from Okawaru
 23902 | D:15     | Found an ancient bone altar of Kikubaaqudgha.
 23931 | D:15     | Reached skill level 17 in Fighting
 24033 | D:15     | Found a staircase to the Depths.
 24235 | Orc:1    | Entered Level 1 of the Orcish Mines
 24328 | Orc:1    | Noticed Snorg
 24334 | Orc:1    | Killed Snorg
 24426 | Orc:2    | Entered Level 2 of the Orcish Mines
 24517 | Orc:2    | Found a staircase to the Elven Halls.
 24618 | Orc:2    | Noticed an orc warlord
 24636 | Orc:2    | Reached XP level 16. HP: 112/112 MP: 16/16
 24682 | Orc:2    | Noticed Blork the orc
 24701 | Orc:2    | Killed Blork the orc
 24795 | Orc:2    | Found a roughly hewn altar of Beogh.
 24833 | Orc:2    | Found Ijifex Aruv's Antique Armour Boutique.
 24839 | Orc:2    | Reached skill level 15 in Armour
 24874 | Orc:2    | Bought a transparent cloak for 361 gold pieces
 24874 | Orc:2    | Identified the cursed +0 cloak "Riribb" {rC+ Regen+} (You
                  | bought it in a shop on level 2 of the Orcish Mines)
 24946 | Orc:2    | Received a gift from Okawaru
 25491 | Orc:2    | Found Ocraowu's Antique Weapon Boutique.
 25529 | Orc:2    | Found Miceul's Food Shoppe.
 25651 | Orc:2    | Found Dilel's Jewellery Boutique.
 25666 | Orc:2    | Found Woler's General Store.
 25674 | Orc:2    | Bought 2 potions of heal wounds for 140 gold pieces
 25785 | Orc:1    | Found Plog's Jewellery Boutique.
 25789 | Orc:1    | Bought a +5 amulet of reflection for 453 gold pieces
 26134 | Swamp:1  | Entered Level 1 of the Swamp
 26570 | Swamp:1  | Noticed a thorn hunter
 26579 | Swamp:1  | Killed a thorn hunter
 26750 | Swamp:1  | Noticed billygoat's ghost (adept VSFi)
 26765 | Swamp:1  | Found a transporter.
 26785 | Swamp:1  | Found a transporter.
 26923 | Swamp:2  | Received a gift from Okawaru
 27027 | Swamp:2  | Noticed Kirke
 27063 | Swamp:2  | Noticed a sphinx
 27084 | Swamp:2  | Killed Kirke
 27642 | Swamp:3  | Noticed a thorn hunter
 27657 | Swamp:3  | Killed a thorn hunter
 27708 | Swamp:3  | Upgraded the game from 0.24-a0-616-ge2a249a to
                  | 0.24-a0-618-ge4662a2
 27765 | Swamp:3  | Reached skill level 18 in Fighting
 27963 | Swamp:3  | Received a gift from Okawaru
 28199 | Swamp:4  | Entered Level 4 of the Swamp
 28285 | Swamp:4  | Noticed a thorn hunter
 28293 | Swamp:4  | Killed a thorn hunter
 28293 | Swamp:4  | Reached XP level 17. HP: 111/120 MP: 17/17
 28501 | Swamp:4  | Reached skill level 15 in Maces & Flails
 28849 | Swamp:4  | Got a decaying rune of Zot
 29457 | D:7      | Killed RancidPinata's ghost
 29638 | Spider:1 | Entered Level 1 of the Spider Nest
 29646 | Spider:1 | Received a gift from Okawaru
 29933 | Spider:1 | Reached skill level 19 in Fighting
 30354 | Spider:1 | Received a gift from Okawaru
 30685 | Spider:2 | Reached XP level 18. HP: 128/128 MP: 18/18
 31469 | Spider:3 | Noticed Aizul
 31536 | Spider:3 | Killed Aizul
 31555 | Spider:3 | Noticed Bai Suzhen
 31618 | Spider:3 | Received a gift from Okawaru
 31681 | Spider:2 | Killed Bai Suzhen
 32001 | Spider:3 | Found a roughly hewn altar of Beogh.
 32102 | Spider:3 | Identified the cursed +1 rapier "Botwidwu" {protect, +Rage
                  | rN+++ MR+ Int+3} (You found it on level 3 of the Spider
                  | Nest)
 32116 | Spider:4 | Entered Level 4 of the Spider Nest
 32309 | Spider:3 | Reached skill level 20 in Fighting
 32341 | Spider:4 | Noticed Louise
 32422 | Spider:4 | Cast into level 3 of the Abyss (Louise)
 32431 | Spider:4 | Escaped the Abyss
 32461 | Spider:3 | Killed Louise
 32520 | Spider:4 | Received a gift from Okawaru
 32536 | Spider:4 | Got a pitted helmet {god gift}
 32547 | Spider:4 | Identified the +2 helmet of Kolupti {rC+ rN+ Slay-3 SInv}
                  | (Okawaru gifted it to you on level 4 of the Spider Nest)
 33103 | Spider:4 | Reached XP level 19. HP: 134/136 MP: 1/19
 33250 | Spider:4 | Got a gossamer rune of Zot
 33643 | Elf:1    | Entered Level 1 of the Elven Halls
 34319 | Elf:1    | Noticed Frances
 34326 | Elf:1    | Killed Frances
 34416 | Elf:1    | Got a twitching amber ring
 34417 | Elf:1    | Identified the ring "Yfymmet" {rElec MP+9 Dex+3 Stlth+}
                  | (You acquired it on level 1 of the Elven Halls)
 34688 | Elf:2    | Received a gift from Okawaru
 34778 | Elf:2    | Reached skill level 21 in Fighting
 34889 | Elf:2    | Found a huge runed translucent gate.
 34891 | Elf:2    | Found a huge runed translucent gate.
 34891 | Elf:2    | Found a huge runed translucent gate.
 34892 | Elf:2    | Found a huge runed translucent gate.
 34892 | Elf:2    | Found a huge runed translucent gate.
 35117 | Elf:2    | Received a gift from Okawaru
 35124 | Elf:2    | Identified the +6 flail of Calamity {flame, rN+ Str+3
                  | Int+3} (Okawaru gifted it to you on level 2 of the Elven
                  | Halls)
 35187 | Elf:2    | Noticed Azrael
 35193 | Elf:2    | Killed Azrael
 35830 | Elf:2    | Reached XP level 20. HP: 144/144 MP: 20/20
 35870 | Elf:2    | Received a gift from Okawaru
 35873 | Elf:2    | Identified the +1 great mace of the Shrike {pain, *Corrode
                  | rPois rN+} (Okawaru gifted it to you on level 2 of the
                  | Elven Halls)
 36021 | Elf:3    | Entered Level 3 of the Elven Halls
 36491 | Elf:3    | Noticed a Tzitzimitl
 36517 | Elf:3    | Gained mutation: Scrolls take you a little longer to read.
                  | [a cacodemon]
 36890 | Elf:3    | Received a gift from Okawaru
 37017 | Elf:3    | Identified the +8 demon trident "Sorchan" {drain, Int+4}
 37200 | Elf:3    | Reached skill level 22 in Fighting
 37687 | Elf:3    | Identified Boshronu's Compendium of Scorching Stolen Souls
 37745 | Elf:3    | Found the +0 pair of fencer's gloves {Riposte Dex+3}
 37755 | Elf:3    | Identified the Reference Book on Displacement
 37761 | Elf:3    | Identified Uledd's Papyrus of Attacks
 38193 | Depths:1 | Entered Level 1 of the Depths
 38195 | Depths:1 | Found Hitraug's Armour Emporium.
 38248 | Depths:1 | You are sucked into a shaft and drop 1 floor!
 38300 | Depths:2 | Received a gift from Okawaru
 38407 | Depths:1 | Found a gateway to a ziggurat.
 38453 | Depths:2 | Reached XP level 21. HP: 152/152 MP: 21/21
 39077 | Depths:1 | Found a gateway to Hell.
 39138 | Depths:1 | Found a one-way gate leading to the halls of Pandemonium.
 39232 | Depths:2 | Received a gift from Okawaru
 39331 | Depths:2 | Reached skill level 23 in Fighting
 39552 | Depths:2 | Found an opulent altar of Gozag.
 40268 | Depths:2 | Identified Urch's Papyrus of the Escort and Weightlessness
 40495 | Depths:2 | Noticed a caustic shrike
 40523 | Depths:2 | Killed a caustic shrike
 40523 | Depths:2 | Received a gift from Okawaru
 40523 | Depths:2 | Reached XP level 22. HP: 160/160 MP: 22/22
 40612 | Depths:2 | Identified the Collected Works on Aerial Cold
 40616 | Depths:2 | Found the ring of Shadows {Umbra +Inv Stlth+}
 40621 | Depths:2 | Got a translucent helmet
 40632 | Depths:2 | Identified the +2 helmet of Wariness {+Inv Regen+} (You
                  | found it on level 2 of the Depths)
 41128 | Depths:3 | Noticed Margery
 41144 | Depths:3 | Killed Margery
 41449 | Depths:3 | Reached skill level 24 in Fighting
 41511 | Depths:3 | Received a gift from Okawaru
 41528 | Depths:3 | Slain by an iron troll

Levels and vault maps discovered:
D:1:      zelgadis_glass_arrival_small, layout_loops_ring, serial_forest,
          infiniplex_forest_lined_3_way, infiniplex_forest_straight_3,
          infiniplex_forest_clump_C, infiniplex_forest_end_3,
          infiniplex_forest_side_room, infiniplex_forest_end_2,
          infiniplex_forest_clump_medium
D:2:      layout_loops_ring, minmay_overflow_temple_hex,
          chequers_ecumenical_altar_simple_redux
D:3:      layout_loops_ring, trog_eyes_of_draining, first_ration, minivault_19
D:4:      layout_cave_pods, minmay_temple_entry_slanted, uniq_sigmund
D:5:      layout_basic, gammafunk_temple_overflow_statue,
          gammafunk_ghost_necromancy
D:6:      layout_loops_cross
D:7:      layout_rooms, gammafunk_ghost_berserking_beasts, grunt_ogre_cave,
          eino_jars
D:8:      layout_rooms, minivault_19
D:9:      layout_basic, due_lair_maze_entry_diamond,
          onia_ninara_dug_in_and_dangerous
D:10:     layout_roguey, ebering_ghost_inner_flame, kennysheep_crisscross,
          uniq_harold, uniq_urug
D:11:     layout_roguey, serial_glass, glass_columns_a, glass_columns_a
D:12:     layout_rooms, zombieorc2_lemuel
D:13:     layout_gridville, portal_ice_cave_entry_imps, minmay_statue_bubble
D:14:     layout_cave_pools, hangedman_vaults_entry_quadrant_bands
D:15:     gammafunk_enter_depths_forms, layout_irregular_city,
          chequers_mini_garden, basic_altar, uniq_roxanne
Temple:   nicolae_temple_figure_eight
Lair:1:   layout_loops_ring, infiniplex_staircase_pool
Lair:2:   layout_layer_cave, spider_nest_entry_webs, serial_bayou,
          serial_bayou_pond_b, serial_bayou_pond_b, serial_bayou_lagoon_b,
          serial_bayou_pond_e, minmay_lair_oklob_chamber, grunt_megastairs_4,
          uniq_fannar
Lair:3:   layout_hall_layers
Lair:4:   layout_small_grid, skrybe_swamp_entry_bodies,
          ebering_ghost_disaster_area, hibernation_bobbens
Lair:5:   layout_concentric_octagons, gammafunk_ghost_icy
Lair:6:   evilmike_catoblepas_cave, layout_long_grid,
          minmay_slime_entry_oklob_open, chequers_serial_rivers_room_a,
          serial_bayou_lagoon_a
Swamp:1:  layout_basic_swamp, gammafunk_ghost_berserking_beasts,
          nicolae_swamp_orc_logging_accident
Swamp:2:  layout_basic_swamp, evilmike_swamp_ruin_rubble_1, uniq_kirke
Swamp:3:  layout_basic_swamp, evilmike_swamp_ruin_house_1
Swamp:4:  swamp_alternative, layout_basic_swamp
Spider:1: layout_spider_delve
Spider:2: nicolae_spider_corner
Spider:3: nicolae_spider_mines_2, uniq_aizul, uniq_bai_suzhen
Spider:4: grunt_spider_rune_circles, uniq_louise
Orc:1:    layout_caves, serial_shops, shop, uniq_snorg
Orc:2:    grunt_orc_cross, layout_diamond_mine, serial_shops, shop_coins
Elf:1:    eino_elf_arrival_sip, layout_geoelf_diagonals, minivault_28,
          uniq_frances
Elf:2:    layout_onion_city, st_stairs_10, nicolae_elf_stair_hall,
          chequers_hall_statues_wall_a, serial_sigils_hangedman_quiver,
          serial_sigils_hangedman_stare, uniq_azrael
Elf:3:    minmay_elf_hall_four_x, layout_geoelf_castle
Depths:1: layout_cave_pools, enter_ziggurat_a, skrybe_limestone_x,
          rand_demon_pan_entry_4, pf_hell_entry_great_geh,
          kennysheep_windowed_goal
Depths:2: little_maze_vault, layout_gridlike, lemuel_crystal_altar, hell_entry,
          infiniplex_staircase_hallway_doors
Depths:3: evilmike_diamond_1, layout_cave_pools, grunt_metal_band, pan_entry,
          serial_bayou_pond_a, infiniplex_staircase_trident

Skill      XL: |  1  2  3  4  5  6  7  8  9 10 11 12 13 14 15 16 17 18 19 20 21 22 |
---------------+-------------------------------------------------------------------+-----
Fighting       | 4 5 6 8 9 10 12 13 14 16 17 18 19 20 21 22 23 24 | 24.0
Maces & Flails | 3 4 5 7 8 9 11 12 13 14 15 16 17 18 | 18.4
Armour         | 4 5 6 7 8 9 10 11 13 14 16 17 18 19 21 22 | 22.8
Shields        | 4 5 6 7 8 9 10 11 12 13 14 | 14.0

Action                   |  1- 3 |  4- 6 |  7- 9 | 10-12 | 13-15 | 16-18 | 19-21 | 22-24 || total
-------------------------+-------+-------+-------+-------+-------+-------+-------+-------++-------
Melee: Flail             |   151 |   257 |   547 |  1206 |   833 |       |       |       ||  2994
       Morningstar       |       |       |       |       |   332 |       |       |       ||   332
       Eveningstar       |       |       |       |       |   497 |  1708 |  1348 |   359 ||  3912
Invok: Heroism           |       |       |       |       |       |     1 |       |       ||     1
 Abil: Fly               |       |       |       |       |       |     1 |       |       ||     1
Evoke: Wand              |       |     1 |    12 |     5 |     1 |     2 |       |       ||    21
  Use: Potion            |     2 |     1 |     4 |     4 |     2 |     2 |     1 |       ||    16
       Scroll            |     2 |     4 |     6 |    11 |    17 |    10 |     9 |       ||    59
 Stab: Paralysed         |       |       |    26 |       |       |       |       |       ||    26
  Eat: Chunk             |     1 |     6 |    11 |    22 |    22 |    23 |    25 |     4 ||   114
       Ration            |       |       |     1 |     1 |     4 |     2 |       |       ||     8
Armor: Scale mail        |    91 |     7 |       |       |       |       |       |       ||    98
       Chain mail        |       |   147 |   243 |       |       |       |       |       ||   390
       Plate armour      |       |       |   189 |   839 |    12 |       |       |       ||  1040
       Crystal plate arm |       |       |       |       |  1041 |  1385 |   819 |   336 ||  3581
Dodge: Dodged            |    52 |    60 |   125 |   262 |   366 |   646 |   256 |   116 ||  1883
       Deflected         |       |       |     2 |     2 |    20 |       |       |       ||    24
Block: Shield            |    85 |   132 |   345 |   697 |  1049 |  1981 |  1031 |   521 ||  5841
       Reflection        |       |       |       |       |       |     9 |    62 |    13 ||    84

Table legend:
 A = Non-vault XP
 B = Vault XP
 C = Vault XP percentage of total XP
 D = Non-vault monster count
 E = Vault monster count
 F = Vault count percentage of total count
                 A         B        C        D         E       F
            +---------+---------+-------+---------+---------+-------
      Total |  391667 |  274577 |  41.2 |    1093 |     453 |  29.3
            +---------+---------+-------+---------+---------+-------
        D:1 |      52 |       0 |   0.0 |      27 |       0 |   0.0
        D:2 |      99 |       0 |   0.0 |      24 |       0 |   0.0
        D:3 |      99 |     250 |  71.6 |      28 |       4 |  12.5
        D:4 |     463 |     231 |  33.3 |      24 |       1 |   4.0
        D:5 |     240 |     222 |  48.1 |       5 |       4 |  44.4
        D:6 |    2000 |       0 |   0.0 |      38 |       0 |   0.0
        D:7 |    1263 |    2615 |  67.4 |      22 |      16 |  42.1
        D:8 |    1587 |       0 |   0.0 |      26 |       0 |   0.0
        D:9 |    1837 |    1169 |  38.9 |      15 |      10 |  40.0
       D:10 |    3144 |    1862 |  37.2 |      24 |       2 |   7.7
       D:11 |    3557 |       0 |   0.0 |      30 |       0 |   0.0
       D:12 |    8844 |     752 |   7.8 |      49 |      36 |  42.4
       D:13 |    1295 |     120 |   8.5 |       8 |      12 |  60.0
       D:14 |   13409 |    9251 |  40.8 |      44 |      18 |  29.0
       D:15 |   11457 |    4211 |  26.9 |      32 |      10 |  23.8
     Lair:1 |    4078 |     887 |  17.9 |      21 |       3 |  12.5
     Lair:2 |    9142 |    2426 |  21.0 |      21 |       8 |  27.6
     Lair:3 |    5088 |       0 |   0.0 |      19 |       0 |   0.0
     Lair:4 |    3804 |    1362 |  26.4 |      17 |       2 |  10.5
     Lair:5 |    8235 |       0 |   0.0 |      25 |       0 |   0.0
     Lair:6 |    9401 |   11578 |  55.2 |      33 |      22 |  40.0
    Swamp:1 |   10934 |       0 |   0.0 |      21 |       0 |   0.0
    Swamp:2 |    8442 |    3417 |  28.8 |      20 |       7 |  25.9
    Swamp:3 |   14567 |    1689 |  10.4 |      38 |       2 |   5.0
    Swamp:4 |   19160 |   13358 |  41.1 |      34 |      19 |  35.8
   Spider:1 |   23107 |       0 |   0.0 |      56 |       0 |   0.0
   Spider:2 |   11237 |   15536 |  58.0 |      36 |      33 |  47.8
   Spider:3 |   14790 |    4472 |  23.2 |      35 |       6 |  14.6
   Spider:4 |   16329 |   21966 |  57.4 |      50 |      39 |  43.8
      Orc:1 |    1663 |    1084 |  39.5 |      15 |       1 |   6.2
      Orc:2 |    5433 |    7370 |  57.6 |      29 |      32 |  52.5
      Elf:1 |   19578 |    9714 |  33.2 |      36 |      15 |  29.4
      Elf:2 |   28322 |   27624 |  49.4 |      42 |      37 |  46.8
      Elf:3 |   11065 |   48853 |  81.5 |      18 |      34 |  65.4
   Depths:1 |   33244 |    2587 |   7.2 |      37 |       4 |   9.8
   Depths:2 |   55526 |   40519 |  42.2 |      62 |      30 |  32.6
   Depths:3 |   29176 |   35866 |  55.1 |      32 |      28 |  46.7
      IceCv |       0 |    3586 | 100.0 |       0 |      18 | 100.0
            +---------+---------+-------+---------+---------+-------
